 Dungeon Crawl Stone Soup version 0.29.0-4-gdea44cf6ec (webtiles) character file.

Game seed: 11235100039620322926

27 qw the Chopper (level 3, -2/21 HPs)
             Began as a Tengu Warper on Aug 28, 2022.
             Succumbed to a kobold's poison
             ... on level 1 of the Dungeon.
             The game lasted 00:00:07 (2094 turns).

qw the Chopper (Tengu Warper)                       Turns: 2094, Time: 00:00:08

Health: -2/21      AC:  5    Str: 13    XL:     3   Next: 10%
Magic:  7/7        EV: 11    Int: 13    God:
Gold:   53         SH:  0    Dex: 13    Spells: 6/6 levels left

rFire   . . .      SeeInvis .   Y - +0 hand axe
rCold   . . .      Faith    .   (no shield)
rNeg    . . .      Spirit   .   f - +0 ring mail
rPois   .          Reflect  .   (helmet restricted)
rElec   .          Harm     .   (no cloak)
rCorr   .          Rampage  .   (no gloves)
Will    .....                   (boots unavailable)
Stlth   +.........              (no amulet)
HPRegen 0.07/turn               (no ring)
MPRegen 0.10/turn               (no ring)

@: lethally poisoned (-2 -> -19)
A: beak, talons 3
a: no special abilities


You were on level 1 of the Dungeon.
You visited 1 branch of the dungeon, and saw 2 of its levels.

You collected 53 gold pieces.


Innate Abilities, Weirdness & Mutations

You have a beak for a mouth.
You have claws for feet.


   Skills:
 - Level 2.0 Fighting
 + Level 3.8 Axes
 - Level 1.0 Throwing
 - Level 1.1 Armour
 - Level 2.1 Dodging
 - Level 2.0 Spellcasting
 - Level 2.4 Translocations


You had 6 spell levels left.
You didn't know any spells.
Your spell library contained the following spells:

 Spells                   Type           Power      Damage    Failure   Level
 Blink                    Tloc           14%        N/A       30%         2
 Gell's Gravitas          Tloc           7%         N/A       52%         3
 Lesser Beckoning         Tloc           7%         N/A       52%         3
 Teleport Other           Tloc           7%         N/A       52%         3
 Manifold Assault         Tloc           7%         N/A       99%         5

Inventory:

Hand Weapons
 Y - a +0 hand axe (weapon)
Armour
 f - a +0 ring mail (worn)

Dungeon Overview and Level Annotations

Branches:
Dungeon (2/15)

Altars:

Annotations:
D:2 Robin


Message History

Robin shouts!
The goblin barely misses you. The kobold barely misses you.
The hobgoblin barely misses you. The goblin barely misses you.
Robin roars a battlecry!
The goblins go into a battle-frenzy!
You climb upwards.
There is a stone staircase leading down, spattered with blood here.
You hit the hobgoblin.
The hobgoblin is heavily wounded.
You hit the goblin. You barely miss the kobold. You hit the goblin.
The kobold hits you with a +2 short sword of venom.
You are poisoned.
The goblin misses you. The goblin closely misses you.
The hobgoblin hits you but does no damage.
You slash the goblin!
You kill the goblin!
You hit the hobgoblin but do no damage. You closely miss the kobold.
You closely miss the goblin.
You feel very sick. The kobold barely misses you.
The goblin hits you with a +0 dagger. The hobgoblin misses you.
You barely miss the goblin.
The goblin is moderately wounded.
You hit the hobgoblin but do no damage. You closely miss the kobold.
You feel very sick. The kobold barely misses you.
The goblin hits you but does no damage. The hobgoblin closely misses you.
You hit the goblin.
You kill the goblin!
You hit the kobold. You closely miss the hobgoblin.
You feel sick.
The kobold hits you with a +2 short sword of venom.
You are more poisoned.
The hobgoblin hits you but does no damage.
The kobold barely misses you.
The hobgoblin hits you but does no damage.
You hit the kobold but do no damage. You peck the kobold.
You kill the kobold!
You hit the hobgoblin.
You die...

#.# #.# #.# #.# #.# #.#
#.# #.# #.# ###.# #.# #.#
.##.# #.#### #.#
.##.###### #.#..# #.#
.........# #.#..# #.#
##.#####.####.#g)######.##
#.#............@........#
##.#.###.##+#...))......##
.#.#.....##.###..######.#
.#.#.#####...#..........#
.#.###.###((.##..########
.#.##...#((.((#..#
.#.##.(.#(..(.#..##
.#.##.<('|(8.(#...#
.#.##...#((.((#...#


You could see a hobgoblin.

Vanquished Creatures
  5 ball pythons (D:1)
  2 endoplasms (D:1)
  3 goblins (D:1)
  2 hobgoblins (D:1)
  3 bats (D:1)
  6 kobolds (D:1)
  9 rats (D:1)
30 creatures vanquished.

Notes
Turn   | Place    | Note
-------+----------+-------------------------------------------
     0 | D:1      | qw the Tengu Warper began the quest for the Orb.
     0 | D:1      | Reached XP level 1. HP: 12/12 MP: 4/4
     0 | D:1      | 0 ||| qw: Version: 0.1-a-89-g26bdef1
     0 | D:1      | 0 ||| qw: Game counter: 3232
     0 | D:1      | 0 ||| qw: Always use a shield: true
     0 | D:1      | 0 ||| qw: God list: Okawaru
     0 | D:1      | 0 ||| qw: Allow faded altars: false
     0 | D:1      | 0 ||| qw: Do Orc after D:15 true
     0 | D:1      | 0 ||| qw: Do second Lair branch before Depths: true
     0 | D:1      | 0 ||| qw: Lair rune preference: random
     0 | D:1      | 0 ||| qw: Plans: Normal
     0 | D:1      | 0 ||| PLANNING D:1-11
    26 | D:1      | 26 ||| Stepping ~*~*~tactically~*~*~ (stealth).
    87 | D:1      | 87 ||| Stepping ~*~*~tactically~*~*~ (stealth).
    88 | D:1      | 88 ||| Stepping ~*~*~tactically~*~*~ (stealth).
    90 | D:1      | 90 ||| Stepping ~*~*~tactically~*~*~ (stealth).
   124 | D:1      | Reached skill level 3 in Axes
   124 | D:1      | Reached XP level 2. HP: 17/17 MP: 6/6
   682 | D:1      | 682 ||| Stepping ~*~*~tactically~*~*~ (stealth).
   689 | D:1      | 689 ||| Stepping ~*~*~tactically~*~*~ (stealth).
   704 | D:1      | 704 ||| Stepping ~*~*~tactically~*~*~ (stealth).
   715 | D:1      | 715 ||| Stepping ~*~*~tactically~*~*~ (stealth).
   716 | D:1      | 716 ||| Stepping ~*~*~tactically~*~*~ (stealth).
   782 | D:1      | 782 ||| Stepping ~*~*~tactically~*~*~ (stealth).
   785 | D:1      | 785 ||| Stepping ~*~*~tactically~*~*~ (stealth).
   798 | D:1      | 798 ||| Stepping ~*~*~tactically~*~*~ (stealth).
   801 | D:1      | 801 ||| Stepping ~*~*~tactically~*~*~ (stealth).
   802 | D:1      | 802 ||| Stepping ~*~*~tactically~*~*~ (stealth).
  1089 | D:1      | Found a faded altar of an unknown god.
  1563 | D:1      | Reached XP level 3. HP: 21/21 MP: 7/7
  1689 | D:1      | 1689 ||| UPGRADING to +0 ring mail.
  1699 | D:1      | 1699 ||| DROPPING +0 leather armour.
  1700 | D:1      | 1700 ||| DROPPING +6 ring of intelligence.
  1701 | D:1      | 1701 ||| READING scroll labelled CUSHRO IVVOCA.
  1704 | D:1      | 1704 ||| READING 3 scrolls labelled WEYPSU NAWK.
  1705 | D:1      | 1705 ||| READING scroll labelled XOESIJ OFANING.
  1706 | D:1      | 1706 ||| READING scroll labelled GEYFOS HAKIUMUAT.
  1707 | D:1      | 1707 ||| READING scroll labelled VEHUOT FUNWYI.
  1708 | D:1      | 1708 ||| DROPPING scroll of blinking.
  1709 | D:1      | 1709 ||| DROPPING 2 scrolls of immolation.
  1710 | D:1      | 1710 ||| Stepping randomly (stuck).
  1711 | D:1      | 1711 ||| Stepping ~*~*~tactically~*~*~ (cloud).
  1715 | D:1      | HP: 5/21 [poisoned by you (poison gas)]
  1718 | D:1      | HP: 2/21 [poisoned by you (poison gas)]
  2033 | D:2      | 2033 ||| STAIRDANCE
  2087 | D:2      | Noticed Robin
  2088 | D:2      | 2088 ||| STAIRDANCE
  2093 | D:1      | HP: 5/21 [poisoned by a kobold]
  2093 | D:1      | HP: 2/21 [kobold/+2 short sword of venom (3)]
  2094 | D:1      | Succumbed to a kobold's poison

Levels and vault maps discovered:
D:1:      minmay_arrival_shattered_statue, layout_basic,
          dreamdust_ecumenical_altar_hidden_monk_grotto, minmay_tromino_i4
D:2:      layout_rooms, uniq_terence, uniq_robin

Skill      XL: |  1 |
---------------+----+-----
Axes           | 3 |  3.8
Fighting       | |  2.0
Throwing       | |  1.0
Armour         | |  1.1
Dodging        | |  2.1
Spellcasting   | |  2.0
Translocations | |  2.4

Action                   || total
-------------------------++-------
Melee: Hand axe          ||    57
       Peck              ||     6
       Kick              ||     9
Throw: Boomerang         ||     7
  Use: Scroll            ||     5
Armor: Leather armour    ||     9
       Ring mail         ||     7
Dodge: Dodged            ||    37

Table legend:
 A = Non-vault XP
 B = Vault XP
 C = Vault XP percentage of total XP
 D = Non-vault monster count
 E = Vault monster count
 F = Vault count percentage of total count
                 A         B        C        D         E       F
            +---------+---------+-------+---------+---------+-------
      Total |      33 |       7 |  17.5 |      25 |       5 |  16.7
            +---------+---------+-------+---------+---------+-------
        D:1 |      33 |       7 |  17.5 |      25 |       5 |  16.7
            +---------+---------+-------+---------+---------+-------
